 Dungeon Crawl Stone Soup version 0.13-a0-2350-g4422b0a (webtiles) character file.

283 Kae the Cudgeler (level 5, -4/46 HPs)
             Began as a Minotaur Berserker on July 11, 2013.
             Was a Believer of Trog.
             Slain by Grinder (6 damage)
             ... on Level 3 of the Dungeon.
             The game lasted 00:02:00 (2307 turns).

Kae the Cudgeler (Minotaur Berserker)               Turns: 2307, Time: 00:02:00

HP  -4/46        AC  2     Str 22      XL: 5   Next: 38%
MP   1/1         EV 12     Int  5      God: Trog [**....]
Gold 97          SH  0     Dex  9      Spells:  0 memorised,  4 levels left

Res.Fire  : . . .   See Invis. : .   a - +0 mace
Res.Cold  : . . .   Warding    : .   b - +0 animal skin
Life Prot.: . . .   Conserve   : .   (no shield)
Res.Poison: .       Res.Corr.  : .   (helmet restricted)
Res.Elec. : .       Clarity    : .   (no cloak)
Sust.Abil.: . .     Spirit.Shd : .   (no gloves)
Res.Mut.  : .       Stasis     : .   (no boots)
Res.Rott. : .       Flight     : .   (no amulet)
Saprovore : . . .                    (no ring)
                                     (no ring)

@: exhausted, hasted and slowed, slightly resistant to hostile enchantments,
very unstealthy
A: retaliatory headbutt, horns 2
a: Burn Spellbooks, Berserk, Trog's Hand, Renounce Religion


You were on level 3 of the Dungeon.
You worshipped Trog.
Trog was most pleased with you.
You were very hungry.

You visited 1 branch of the dungeon, and saw 3 of its levels.

You collected 77 gold pieces.

Inventory:

Hand weapons
 a - a +0,+0 mace (weapon)
Armour
 b - a +0 animal skin (worn)
Comestibles
 c - a bread ration
 g - a meat ration
 o - a lychee
 p - a chunk of adder flesh
Scrolls
 e - 3 scrolls of identify {unknown}
 f - 3 scrolls of teleportation {unknown}
 h - a scroll of curse jewellery {unknown}
 i - 2 scrolls of random uselessness {unknown}
 l - 4 scrolls of enchant weapon II {unknown}
 m - a scroll of enchant weapon I {unknown}
 q - a scroll of remove curse {unknown}
Potions
 d - a potion of flight {unknown}
 j - a potion of brilliance {unknown}
 k - a potion of speed
 n - 2 potions of heal wounds {unknown}


   Skills:
 - Level 3.7 Fighting
 + Level 7.3 Maces & Flails
 - Level 2.4 Armour
 - Level 2.1 Dodging


You had 4 spell levels left.
You didn't know any spells.

Dungeon Overview and Level Annotations

Branches:
Dungeon (3/27)

Altars:
Fedhas

Annotations
D:3 Grinder


Innate Abilities, Weirdness & Mutations

You reflexively headbutt those who attack you in melee.
You have a pair of horns on your head.


Message History

You can move again.
You sock Grinder! Your headbutt misses Grinder.
Grinder is lightly wounded.
Grinder hits you!
* * * LOW HITPOINT WARNING * * *
You writhe in agony.
* * * LOW HITPOINT WARNING * * *
Grinder zaps a wand.
The puff of flame hits you!
One of your 4 scrolls labeled JOKOJA TENERIN catches fire!
* * * LOW HITPOINT WARNING * * *
Unknown command.
You barely miss Grinder.
Grinder is lightly wounded.
Grinder zaps a wand.
The puff of flame misses you.
Unknown command.
Drink which item? (? for menu, Esc to quit)
You feel yourself speed up.
It was a potion of speed.
Grinder hits you.
* * * LOW HITPOINT WARNING * * *
You writhe in agony.
You die...

#.# #.# ...# #.# #.#
.#..5 #.# #.# .z.. #.
#.# #.######## ...
#.##.# #.......... ..#
#.##.# #..####### ..#
###.##.# #####..#
######..###.# #......#
#.....5# #............
#......# #.####@#
#.####..###.# #......#
#.# #.####.# ..#
......#####)# #......#
..#
.........##.####.######
..# ##..##........##.#
..#
##..##...##.#.##.###
..#
##..................
...
##.......[.......### #
##..........)..#.#


You could see Grinder.

Vanquished Creatures
  An ogre (D:3)
  5 adders
  A worm (D:2)
  5 giant geckos
  An ooze (D:2)
  8 bats
  8 goblins
  6 hobgoblins
  A jackal (D:2)
  7 kobolds
  3 ball pythons
  5 giant cockroaches
  2 giant newts (D:2)
  3 rats
  A rat skeleton (D:3)
57 creatures vanquished.

Notes
Turn   | Place    | Note
--------------------------------------------------------------
     0 | D:1      | Kae, the Minotaur Berserker, began the quest for the Orb.
     0 | D:1      | Reached XP level 1. HP: 19/19 MP: 0/0
   109 | D:1      | Reached skill level 4 in Maces & Flails
   208 | D:1      | Reached XP level 2. HP: 26/26 MP: 0/0
   870 | D:2      | Reached skill level 5 in Maces & Flails
   917 | D:2      | Reached XP level 3. HP: 21/33 MP: 1/1
   919 | D:2      | Acquired Trog's second power
  1010 | D:2      | Found a blossoming altar of Fedhas.
  1547 | D:2      | Reached XP level 4. HP: 36/39 MP: 1/1
  1658 | D:2      | Reached skill level 6 in Maces & Flails
  1894 | D:3      | Noticed an ogre
  2134 | D:3      | Killed an ogre
  2134 | D:3      | Reached skill level 7 in Maces & Flails
  2134 | D:3      | Reached XP level 5. HP: 46/46 MP: 1/1
  2280 | D:3      | Noticed Grinder
  2303 | D:3      | Paralysed by Grinder for 2 turns
  2307 | D:3      | HP: 2/46 [Grinder (2)]
  2307 | D:3      | Slain by Grinder

Action                   |  1- 3 |  4- 6 || total
-------------------------+-------+-------++-------
Melee: Mace              |    79 |    44 ||   123
Invok: Berserk           |       |     2 ||     2
       Trog's Hand       |       |     1 ||     1
  Use: Potion            |       |     1 ||     1
